 Dungeon Crawl Stone Soup version 0.19-a0-1320-g0178847 (webtiles) character file.

20 Amnesiac the Caller (level 2, 0/15 HPs)
             Began as a Tengu Summoner on Aug 31, 2016.
             Slain by a hound (2 damage)
             ... on level 4 of the Dungeon.
             The game lasted 00:01:38 (405 turns).

Amnesiac the Caller (Tengu Summoner)                 Turns: 405, Time: 00:01:38

Health: 0/15       AC:  3    Str: 13    XL:     2   Next: 79%
Magic:  2/6        EV: 13    Int: 15    God:
Gold:   19         SH:  0    Dex: 14    Spells: 2 memorised, 2 levels left

rFire  . . .     SeeInvis .     e - +0 whip
rCold  . . .     Gourm    .     a - +0 robe
rNeg   . . .     Faith    .     (no shield)
rPois  .         Spirit   .     (helmet restricted)
rElec  .         Dismiss  .     h - +0 cloak
rCorr  .         Reflect  .     (no gloves)
MR     .....     Harm     .     (boots unavailable)
Stlth  ++........               (no amulet)
                                (no ring)
                                (no ring)

@: mighty, very slightly contaminated, hasted, very quick
A: beak, talons 3
a: no special abilities


You were on level 4 of the Dungeon.
You were not hungry.

You visited 1 branch of the dungeon, and saw 4 of its levels.

You collected 19 gold pieces.

Inventory:

Hand Weapons
 e - a +0 whip (weapon)
 m - a +0 long sword
Armour
 a - a +0 robe (worn)
 h - a +0 cloak (worn)
Jewellery
 f - an uncursed ring of see invisible {unknown}
Scrolls
 g - a scroll of random uselessness {unknown}
 i - a scroll of noise {unknown}
 k - a scroll of fog {unknown}
Potions
 o - a potion of lignification {unknown}
 p - a potion of resistance {unknown}
Books
 b - a book of Callings

   Spells                             Type                      Level
   a - Summon Small Mammal            Summoning                    1
   b - Call Imp                       Summoning                    2
   c - Call Canine Familiar           Summoning                    3
   d - Summon Guardian Golem          Hexes/Summoning              3
   e - Summon Lightning Spire         Summoning/Air                4
   f - Summon Ice Beast               Ice/Summoning                4
Comestibles
 c - a bread ration
 j - a royal jelly
 n - a meat ration


   Skills:
 - Level 2.6 Dodging
 - Level 2.4 Stealth
 + Level 2.3 Spellcasting
 * Level 5.0 Summonings


You had 2 spell levels left.
You knew the following spells:

 Your Spells              Type           Power        Failure   Level  Hunger
f - Call Imp              Summ           ###.....     4%          2    ###....
z - Summon Small Mammal   Summ           ###.         2%          1    #......


Dungeon Overview and Level Annotations

Branches:
Dungeon (4/15)
 Temple: D:4-7

Altars:


Innate Abilities, Weirdness & Mutations

You have a beak for a mouth.
You have claws for feet.


Message History

The hound misses your crimson imp.
Your crimson imp blinks!
A worker ant comes into view.
The hound bites you.
Casting: Call Imp
Confirm with . or Enter, or press ? or * to list all spells.
A beastly little devil appears in a puff of flame.
The hound barely misses you. The hound bites you.
* * * LOW HITPOINT WARNING * * *
Your crimson imp blinks!
It was a potion of haste.
You feel yourself speed up. The hound bites you.
* * * LOW HITPOINT WARNING * * *
You are very lightly contaminated with residual magic.
The hound barely misses you.
There is a stone staircase leading up here.
It was a potion of might.
You feel very mighty all of a sudden. The hound bites you.
You die...

#.# ##......<#..# #.#
#...........# #.#
##.......#..# #.#
##.....##..#
##...###..#### ##..#
#.....# #######.#
##.##.#
........####.##.#
######....@h.##.#
........#######.#
######### #.# #.#
####### #.# ......# #.#
#####.###############.#
#.................#
###################


You could see a hound.

Vanquished Creatures
  A bat (D:1)
  A goblin (D:1)
  2 rats (D:1)
4 creatures vanquished.

Vanquished Creatures (collateral kills)
  A worker ant (D:4)
  A ball python (D:1)
  A giant cockroach (D:2)
  A kobold (D:1)
  A giant newt (D:1)
5 creatures vanquished.

Grand Total: 9 creatures vanquished

Notes
Turn   | Place    | Note
-------+----------+-------------------------------------------
     0 | D:1      | Amnesiac the Tengu Summoner began the quest for the Orb.
     0 | D:1      | Reached XP level 1. HP: 10/10 MP: 4/4
    34 | D:1      | Reached XP level 2. HP: 13/15 MP: 6/6
    44 | D:1      | Learned a level 2 spell: Call Imp
   166 | D:4      | Reached skill level 5 in Summonings
   405 | D:4      | Slain by a hound

Vault maps used:
D:1:      lightli_arrival_noodles, serial_bayou_pond_b,
          minmay_large_rounded_square, kennysheep_decorative_pillar
D:2:      uniq_jessica
D:3:      minitemple, yredelemnul_altar_generic
D:4:      dancing_weapons_uskayaw, first_bread

Skill      XL: |  1  2 |
---------------+-------+-----
Summonings     | 5 |  5.0
Dodging        | |  2.6
Stealth        | |  2.4
Spellcasting   | |  2.3

Action                   || total
-------------------------++-------
Melee: Unarmed           ||     8
       Whip              ||     4
       Peck              ||     3
 Cast: Summon Small Mamm ||     2
       Call Imp          ||     6
  Use: Potion            ||     2
 Stab: Sleeping          ||     1
Armor: Robe              ||     1
Dodge: Dodged            ||    11
